Map: 사이버 포레스트 - 래더

Players

Cure - Winner!

  • Race: Terran Terran
  • League: Master
  • Spawn Location: 5:00

Super

  • Race: Protoss Protoss
  • League: Master
  • Spawn Location: 11:00

VOD

Have the link to the VOD?

Description

Time

  • Played on: Aug. 20, 2019, 7:12 a.m.
  • Length: 7:03
Show
View Real Time Build Order
Export as new Build Order

Cure Terran - Winner!

Build Orders:  

Get SALT Encoding   

  12  0:00  SCV  
  13  0:13  SCV  
  14  0:17  Supply Depot  
  14  0:25  SCV  
  15  0:38  SCV  
  15  0:40  Barracks  
  16  0:43  Refinery  
  16  0:50  SCV  
  17  1:02  SCV  
  18  1:14  SCV  
  19  1:27  Barracks Reactor, Orbital Command  
  19  1:42  Command Center  
  19  1:51  Supply Depot  
  19  1:53  SCV  
  20  2:03  Marine x2  
  20  2:05  SCV  
  23  2:10  Factory  
  23  2:17  SCV  
  23  2:20  Marine  
  23  2:21  Marine  
  26  2:25  Refinery  
  26  2:29  SCV  
  27  2:38  Marine x2  
  27  2:41  SCV  
  30  2:54  SCV  
  30  2:56  Orbital Command  
  31  2:58  Starport  
  31  2:59  Widow Mine  
  31  3:00  Marine  
  31  3:01  Marine  
  35  3:06  SCV  
  36  3:18  SCV, Marine  
  36  3:19  Marine  
  39  3:21  Widow Mine  
  39  3:22  SCV  
  42  3:27  Supply Depot  
  42  3:31  SCV  
  43  3:34  SCV  
  43  3:39  Medivac  
  46  3:42  Barracks, Factory Tech Lab  
  46  3:49  SCV x2  
  46  3:50  Supply Depot  
  46  3:52  Marine x2  
  50  4:01  SCV x2  
  52  4:04  Barracks  
  52  4:06  Factory Tech Lab  
  52  4:10  Supply Depot  
  52  4:13  SCV x2  
  52  4:14  Marine  
  52  4:15  Refinery, Marine  
  56  4:20  Engineering Bay  
  56  4:25  SCV x2  
  58  4:31  Starport Reactor  
  58  4:32  Supply Depot  
  58  4:37  SCV x2  
  60  4:40  Marauder  
  60  4:41  Factory Reactor  
  60  4:42  Marine  
  60  4:44  Marine  
  64  4:47  Terran Infantry Weapons Level 1  
  64  4:51  SCV x2  
  66  4:55  Supply Depot  
  66  4:57  Stimpack  
  66  4:59  Marauder  
  68  5:01  Marauder  
  68  5:03  SCV  
  68  5:04  Refinery, SCV  
  72  5:08  Combat Shield  
  72  5:10  Marine x2  
  74  5:14  Supply Depot  
  74  5:16  SCV x2  
  74  5:21  Marauder  
  78  5:22  Marauder  
  78  5:25  Medivac  
  78  5:27  Medivac  
  84  5:30  Supply Depot  
  84  5:32  Marine x2  
  86  5:36  Widow Mine  
  86  5:37  Widow Mine  
  90  5:47  Marauder x2  
  94  5:51  Supply Depot  
  94  5:52  Supply Depot, Marine x2  
  94  5:56  SCV x2  
  98  6:02  Medivac x2  
  102  6:13  Widow Mine x2, Marauder x2  
  102  6:15  Supply Depot  
  110  6:19  Supply Depot  
  110  6:20  Marine x2  
  112  6:29  Command Center  
  112  6:38  Marauder x2  
  116  6:42  Marine x2  
  116  6:43  SCV x2  
Show
View Real Time Build Order
Export as new Build Order

Super Protoss 

Build Orders: 1 Gate Expand, Blink Stalkers 

Get SALT Encoding   

  12  0:00  Probe  
  13  0:12  Probe  
  14  0:17  Pylon  
  14  0:24  Probe  
  15  0:32  Probe  
  15  0:36  Gateway  
  15  0:40  Probe  
  16  0:45  Assimilator  
  17  0:51  Probe  
  18  1:03  Probe  
  19  1:15  Probe  
  20  1:23  Cybernetics Core  
  20  1:31  Nexus  
  20  1:38  Pylon  
  20  1:41  Probe  
  21  1:48  Assimilator  
  21  1:49  Adept  
  21  1:53  Probe  
  22  2:00  Warp Gate  
  24  2:05  Probe  
  25  2:17  Probe  
  25  2:22  Twilight Council  
  26  2:29  Probe  
  27  2:32  Stalker  
  29  2:37  Shield Battery  
  29  2:38  Probe  
  29  2:39  Probe  
  29  2:41  Blink  
  31  2:46  Probe  
  31  2:48  Probe  
  32  2:55  Probe  
  32  2:57  Probe  
  35  3:08  Probe  
  35  3:09  Probe  
  35  3:10  Stalker  
  39  3:20  Probe  
  39  3:21  Probe  
  41  3:28  Robotics Facility  
  41  3:33  Gateway  
  41  3:35  Gateway  
  41  3:37  Probe x2  
  43  3:41  Pylon  
  43  3:49  Probe x2  
  43  3:54  Pylon  
  43  3:55  Assimilator  
  45  3:59  Stalker  
  45  4:01  Probe x2  
  49  4:14  Observer  
  49  4:15  Probe x2  
  52  4:21  Pylon  
  52  4:27  Stalker  
  52  4:28  Observer, Stalker  
  52  4:29  Stalker  
  58  4:35  Nexus  
  59  4:48  Probe x2  
  59  4:50  Observer  
  59  4:52  Pylon  
  62  4:57  Forge  
  62  5:00  Probe x2  
  62  5:02  Stalker x3  
  70  5:08  Pylon  
  70  5:09  Charge  
  70  5:13  Observer, Probe x2  
  72  5:25  Probe x2  
  74  5:37  Probe x2  
  74  5:41  Gateway  
  74  5:42  Gateway  
  76  5:43  Gateway  
  76  5:44  Observer, Gateway  
  76  5:45  Gateway  
  66  5:51  Probe x2  
  66  5:55  Probe  
  69  6:02  Observer  
  69  6:03  Probe x2  
  71  6:04  Templar Archives  
  71  6:05  Immortal  
  71  6:07  Probe  
  72  6:15  Probe x2  
  78  6:20  Probe  
  79  6:27  Probe x2  
  79  6:31  Zealot x3  
  79  6:32  Probe  
  88  6:37  Pylon  
  88  6:38  Zealot  
  88  6:39  Zealot x2  
  94  6:43  Sentry x2  
  90  6:55  Zealot x3  
  90  7:00  Zealot x2  
Tags
 
Add a new tag
Caveats
  • Supply blocks, unpowered buildings, or Contaminate may cause inaccurate times.
  • Supply counts are checked every 10 seconds.